 Dungeon Crawl Stone Soup version 0.20.1-1-g8b1a95d (console) character file.

77801 hilaritas the Brawler (level 15, -1/152 HPs)
             Began as a Troll Hunter on Dec 17, 2017.
             Was the Champion of Okawaru.
             Slain by an orc warrior
             ... wielding a +1 trident of protection
              (16 damage)
             ... on level 2 of the Orcish Mines.
             The game lasted 00:48:20 (18633 turns).

hilaritas the Brawler (Troll Hunter)               Turns: 18633, Time: 00:48:20

Health: -1/152     AC: 12    Str: 31    XL:     15   Next: 16%
Magic:  21/21      EV: 18    Int:  7    God:    Okawaru [******]
Gold:   1659       SH: 16    Dex: 10    Spells: 10/14 levels left

rFire    . . .     SeeInvis .     - Unarmed
rCold    . . .     Gourm    +   T - +2 shield {reflect}
rNeg     . . .     Faith    .   J - +0 troll leather armour
rPois    .         Spirit   .   F - +1 hat
rElec    .         Reflect  +   p - +1 cloak
rCorr    .         Harm     .   (gloves unavailable)
MR       ++...                  (boots unavailable)
Stlth    +++.......             (no amulet)
Regen    1.2/turn               N - ring of protection from magic
MPRegen  0.2/turn               u - +4 ring of evasion

@: heroism
A: unfitting armour, claws 3, fast metabolism 3, gourmand, regeneration 1,
shaggy fur 1, strong 1, tough skin 2
a: Heroism, Finesse, Renounce Religion


You were on level 2 of the Orcish Mines.
You worshipped Okawaru.
Okawaru was exalted by your worship.
You were very full.

You visited 3 branches of the dungeon, and saw 21 of its levels.

You collected 1735 gold pieces.
You spent 76 gold pieces at shops.

Inventory:

Hand Weapons
 n - a +7 quick blade
Missiles
 c - 35 large rocks (quivered)
 d - 2 throwing nets
 P - 8 steel javelins
Armour
 p - a +1 cloak (worn)
 F - a +1 hat (worn)
 J - a +0 troll leather armour (worn)
 S - a +2 robe of cold resistance
 T - a +2 shield of reflection (worn)
Jewellery
 r - an uncursed ring of protection from magic
 u - a +4 ring of evasion (right claw)
 C - a +4 ring of intelligence
 L - an uncursed ring of poison resistance
 N - a ring of protection from magic (left claw)
 U - a +4 ring of strength
Wands
 b - a wand of random effects (6/48)
 g - a wand of random effects (27/48)
 A - a wand of disintegration (5/24)
 B - a wand of random effects (25/48)
 G - a wand of confusion (26/48)
 I - a wand of lightning (7/15)
 K - a wand of flame (21/48)
 M - a wand of polymorph (8/24)
Scrolls
 a - 4 scrolls of enchant weapon
 e - 8 scrolls of teleportation
 i - 8 scrolls of identify
 j - a scroll of magic mapping
 k - 4 scrolls of remove curse
 l - 3 scrolls of enchant armour
 m - a scroll of fog
 s - 4 scrolls of recharging
 y - a scroll of amnesia
Potions
 o - 4 potions of curing
 q - 2 potions of agility
 t - 5 potions of flight
 v - 2 potions of berserk rage
 D - 2 potions of lignification
 O - a potion of invisibility
 Q - 2 potions of heal wounds
 R - 2 potions of might
Books
 z - a book of Minor Magic

   Spells                             Type                      Level
   a - Magic Dart                     Conjuration                  1
   b - Blink                          Translocation                2
   c - Call Imp                       Summoning                    2
   d - Slow                           Hexes                        2
   e - Conjure Flame                  Conjuration/Fire             3
   f - Mephitic Cloud                 Conjuration/Poison/Air       3
Miscellaneous
 E - a fan of gales
Comestibles
 f - 15 bread rations
 h - 9 meat rations
 w - 13 royal jellies
 x - 33 fruits
 H - 2 chunks of flesh


   Skills:
 * Level 10.7(15.7) Fighting
 - Level 3.6(8.6) Throwing
 - Level 6.0(11.0) Armour
 - Level 6.0(11.0) Dodging
 - Level 0.3(5.3) Stealth
 - Level 9.0(14.0) Shields
 * Level 15.7(20.7) Unarmed Combat
 - Level 10.1 Invocations


You had 10 spell levels left.
You knew the following spells:

 Your Spells              Type           Power        Failure   Level  Hunger
a - Blink                 Tloc           N/A          58%         2    ###....
b - Swiftness             Chrm/Air       #.......     58%         2    ###....


Dungeon Overview and Level Annotations

Branches:
Dungeon (13/15)            Temple (0/1) D:6            Lair (6/6) D:11
  Swamp (0/4) Lair:3       Spider (0/4) Lair:3        Slime (0/5) Lair:6
    Orc (2/2) D:9          Vaults (0/5) D:13
    Elf: Orc:2

Altars:
Ashenzari
Cheibriados
Fedhas
Gozag
Hepliaklqana
Makhleb
Nemelex Xobeh
Okawaru
Ru
Sif Muna
Trog
Vehumet
Yredelemnul
Zin
Jiyva

Shops:
D:6 (   D:7 [


Innate Abilities, Weirdness & Mutations

You are too large for most types of armour.
You have claws for hands.
Your metabolism is lightning-fast.
You like to eat raw meat.
Your natural rate of healing is unusually fast.
You are covered in fur. (AC +1)
You have very tough skin. (AC +2)
Your muscles are strong. (Str +2)


Message History

You claw the orc warlord!
The orc warlord is lightly wounded.
You block the orc warrior's attack. You block the orc high priest's attack.
The ynoxinul barely misses you.
You eviscerate the orc warlord!!!
The orc warlord is heavily wounded.
The orc warrior completely misses you. You block the orc warlord's attack.
The troll misses you. You block the troll's attack. The troll claws you!
* * * LOW HITPOINT WARNING * * *
You eviscerate the orc warlord!!!!
You kill the orc warlord!
Okawaru accepts your kill.
You hear a howl!
You block the sixfirhy's attack. x2; The orc warrior misses you.
The ynoxinul gestures at you. The iron shot hits you!
* * * LOW HITPOINT WARNING * * *
The orc high priest closely misses you.
The orc warrior hits you with a trident of protection!
You die...

#P. ##...P ##
#.#..P. ##.#
####.......
#...##o#3....P..
#...))@)o..P...
##.##oT3.o.....
#......<.......
##........#.P..
##..#.........
#...#.........
##.#..........
####..#......
#.........
..........


You could see an orc high priest, a troll, a sixfirhy, a ynoxinul and 3 orc
warriors.

Vanquished Creatures
  Rupert (Lair:5)
  An acid blob (Lair:6)
  An orc warlord (Orc:2)
  A stone giant (Orc:1)
  2 dire elephants (Lair:6)
  Snorg (D:10)
  5 hydras
  An ice dragon (Lair:6)
  The ghost of Agrougrou the Cleaver, a journeyman DsFi of Okawaru (D:10)
  4 two-headed ogres
  A catoblepas (Lair:6)
  9 death yaks
  The ghost of Frank the Carver, a novice OpFi of the Shining One (D:9)
  A spriggan (Lair:4)
  3 lindwurms (Lair:6)
  An orb spider (Lair:3)
  2 orc knights (Orc:2)
  2 manticores (Lair:6)
  An ugly thing (D:13)
  3 cyclopes
  10 elephants
  9 black mambas
  A centaur zombie (D:10)
  5 torpor snails (Lair:6)
  A gargoyle (D:12)
  4 rime drakes
  A rime drake (shapeshifter) (D:13)
  12 spiny frogs
  10 komodo dragons
  3 trolls
  A queen bee (D:10)
  8 hornets
  18 blink frogs
  3 tyrant leeches (Lair:6)
  Prince Ribbit (D:6)
  9 dream sheep
  14 hippogriffs
  A shadow (D:13)
  A redback (D:13)
  A wyvern (D:8)
  44 yaks
  4 basilisks
  Eustachio (D:5)
  7 vampire mosquitoes (Lair:3)
  A steam dragon (D:6)
  4 hungry ghosts
  Menkaure (D:5)
  A warg (Orc:1)
  A soldier ant (shapeshifter) (D:13)
  14 water moccasins
  8 porcupines
  A hornet zombie (D:12)
  10 orc warriors
  2 ice beasts (D:12)
  5 black bears
  6 phantoms
  10 ogres
  38 wolves
  11 centaurs
  11 crocodiles
  16 bullfrogs
  8 scorpions
  A water moccasin skeleton (D:5)
  A wyvern skeleton (D:9)
  19 killer bees
  2 howler monkeys
  2 electric eels
  6 crimson imps
  4 jellies
  9 hounds
  11 orc wizards
  2 bullfrog skeletons
  A bullfrog zombie (D:5)
  8 orc priests
  2 iguanas
  9 worker ants
  A killer bee zombie (D:8)
  A hound zombie (D:10)
  2 hound skeletons
  A howler monkey skeleton (D:4)
  A worker ant zombie (D:5)
  8 gnolls
  10 adders
  An adder zombie (D:7)
  An adder skeleton (D:8)
  6 worms
  5 dart slugs
  10 leopard geckos
  41 orcs
  3 ball pythons
  7 bats
  4 giant cockroaches
  3 goblins (D:3)
  3 hobgoblins
  14 jackals
  9 kobolds
  6 quokkas
  9 frilled lizards
  A leopard gecko zombie (D:6)
  2 rats
  3 plants
588 creatures vanquished.

Vanquished Creatures (collateral kills)
  A bullfrog (D:11)
1 creature vanquished.

Vanquished Creatures (others)
  An orc (D:12)
  10 fungi
  5 plants
16 creatures vanquished.

Grand Total: 605 creatures vanquished

Notes
Turn   | Place    | Note
-------+----------+-------------------------------------------
     0 | D:1      | hilaritas the Troll Hunter began the quest for the Orb.
     0 | D:1      | Reached XP level 1. HP: 19/19 MP: 0/0
    16 | D:1      | Reached skill level 1 in Unarmed Combat
    64 | D:1      | Reached XP level 2. HP: 21/28 MP: 1/1
   172 | D:1      | Reached skill level 2 in Unarmed Combat
   657 | D:2      | Reached XP level 3. HP: 22/35 MP: 2/2
  1047 | D:2      | Reached skill level 3 in Unarmed Combat
  1301 | D:2      | Reached XP level 4. HP: 42/42 MP: 3/3
  1344 | D:2      | Found a shattered altar of Ashenzari.
  1344 | D:2      | Found a sacrificial altar of Ru.
  1345 | D:2      | Found a deep blue altar of Sif Muna.
  1944 | D:3      | Found a deep blue altar of Sif Muna.
  1956 | D:3      | Reached skill level 4 in Unarmed Combat
  2427 | D:3      | Reached XP level 5. HP: 45/49 MP: 4/4
  2442 | D:3      | Found an iron altar of Okawaru.
  2500 | D:3      | Became a worshipper of Warmaster Okawaru
  2744 | D:4      | Noticed a phantom
  2761 | D:4      | Killed a phantom
  2761 | D:4      | Reached skill level 5 in Unarmed Combat
  2761 | D:4      | Reached skill level 1 in Invocations
  2761 | D:4      | Reached XP level 6. HP: 44/57 MP: 5/5
  2846 | D:4      | Found a radiant altar of Vehumet.
  3003 | D:4      | Reached skill level 6 in Unarmed Combat
  3066 | D:4      | Reached * piety under Okawaru
  3126 | D:4      | Reached XP level 7. HP: 48/66 MP: 6/6
  3537 | D:5      | Entered Level 5 of the Dungeon
  3560 | D:5      | Reached skill level 7 in Unarmed Combat
  3668 | D:5      | Found a basalt altar of Yredelemnul.
  3690 | D:5      | Noticed Menkaure
  3698 | D:5      | Killed Menkaure
  3740 | D:5      | Reached ** piety under Okawaru
  3759 | D:5      | Reached skill level 8 in Unarmed Combat
  3770 | D:5      | Reached XP level 8. HP: 69/74 MP: 8/8
  3964 | D:5      | Learned a level 2 spell: Blink
  3975 | D:5      | Noticed Eustachio
  3984 | D:5      | Killed Eustachio
  4116 | D:6      | Reached skill level 9 in Unarmed Combat
  4277 | D:6      | Reached *** piety under Okawaru
  4307 | D:6      | Found an opulent altar of Gozag.
  4394 | D:6      | Noticed a hippogriff
  4400 | D:6      | Killed a hippogriff
  4400 | D:6      | Reached skill level 10 in Unarmed Combat
  4444 | D:6      | Noticed Prince Ribbit
  4454 | D:6      | Killed Prince Ribbit
  4454 | D:6      | Reached XP level 9. HP: 55/81 MP: 10/10
  4598 | D:6      | Found Kegedux's Weapon Shop.
  4608 | D:6      | Reached skill level 1 in Armour
  4668 | D:6      | Found a staircase to the Ecumenical Temple.
  4711 | D:6      | Found a glowing silver altar of Zin.
  4779 | D:6      | Reached **** piety under Okawaru
  5146 | D:7      | Found a bloodstained altar of Trog.
  5152 | D:7      | Found a snail-covered altar of Cheibriados.
  5156 | D:7      | Found a sparkling altar of Nemelex Xobeh.
  5156 | D:7      | Found a burning altar of Makhleb.
  5156 | D:7      | Found a hazy altar of Hepliaklqana.
  5364 | D:7      | Reached skill level 5 in Invocations
  5601 | D:7      | Found Eqihifax's Antique Armour Shop.
  5614 | D:7      | Bought a shield for 76 gold pieces
  6027 | D:7      | Reached XP level 10. HP: 80/94 MP: 11/13
  6265 | D:8      | Received a gift from Okawaru
  6265 | D:8      | Reached ***** piety under Okawaru
  6362 | D:8      | Reached skill level 5 in Fighting
  6371 | D:8      | Reached skill level 1 in Shields
  6481 | D:8      | Noticed a two-headed ogre
  6487 | D:8      | Killed a two-headed ogre
  6769 | D:8      | Noticed a two-headed ogre
  6775 | D:8      | Paralysed by a hornet for 2 turns
  6787 | D:8      | Paralysed by a hornet for 1 turns
  6801 | D:8      | Killed a two-headed ogre
  6801 | D:8      | Received a gift from Okawaru
  7112 | D:9      | Found a staircase to the Orcish Mines.
  7241 | D:9      | Noticed Frank's ghost (novice OpFi)
  7255 | D:9      | Killed Frank's ghost
  7255 | D:9      | Reached skill level 5 in Armour
  7367 | D:9      | Reached XP level 11. HP: 95/105 MP: 14/14
  7535 | D:9      | Noticed a two-headed ogre
  7538 | D:9      | Killed a two-headed ogre
  7723 | D:9      | Received a gift from Okawaru
  7724 | D:9      | Got a dazzling short sword {god gift}
  7725 | D:9      | Identified the +10 short sword of Saltpetre {distort, rN+} (Okawaru gifted it to you on level 9 of the Dungeon)
  7745 | D:9      | Gained mutation: Your muscles are strong. (Str +2) [mutagenic glow]
  7846 | D:9      | Reached skill level 5 in Dodging
  7898 | D:10     | Entered Level 10 of the Dungeon
  8273 | D:10     | Noticed Agrougrou's ghost (journeyman DsFi)
  8320 | D:10     | Killed Agrougrou's ghost
  8320 | D:10     | Reached ****** piety under Okawaru
  8330 | D:10     | Reached skill level 5 in Shields
  8540 | D:10     | Received a gift from Okawaru
  8732 | D:11     | Noticed Snorg
  8755 | D:10     | Killed Snorg
  9162 | D:11     | Found a staircase to the Lair.
  9610 | D:12     | Found a blossoming altar of Fedhas.
  9764 | D:12     | Received a gift from Okawaru
  9765 | D:12     | Reached XP level 12. HP: 74/115 MP: 16/16
 10236 | D:12     | Received a gift from Okawaru
 10502 | Lair:1   | Entered Level 1 of the Lair of Beasts
 11520 | Lair:2   | Received a gift from Okawaru
 12477 | Lair:3   | Found a staircase to the Swamp.
 12484 | Lair:3   | Received a gift from Okawaru
 12656 | Lair:3   | Found a hole to the Spider Nest.
 12771 | Lair:3   | Noticed a four-headed hydra
 12800 | Lair:3   | Killed a four-headed hydra
 12800 | Lair:3   | Reached XP level 13. HP: 92/128 MP: 18/18
 13713 | Lair:4   | Received a gift from Okawaru
 13795 | Lair:4   | Got a heavy robe {god gift}
 13806 | Lair:4   | Identified the +1 robe of Vautidet {Regen+} (Okawaru gifted it to you on level 4 of the Lair of Beasts)
 14486 | Lair:5   | Reached skill level 10 in Fighting
 14495 | Lair:5   | Noticed Rupert
 14510 | Lair:5   | Killed Rupert
 14725 | Lair:5   | Reached skill level 10 in Invocations
 14768 | Lair:5   | Reached skill level 11 in Unarmed Combat
 14921 | Lair:5   | Received a gift from Okawaru
 15208 | Lair:5   | Reached XP level 14. HP: 143/143 MP: 20/20
 15415 | Lair:6   | Entered Level 6 of the Lair of Beasts
 15455 | Lair:6   | Reached skill level 12 in Unarmed Combat
 15809 | Lair:6   | Found a viscous altar of Jiyva.
 15810 | Lair:6   | Found a staircase to the Slime Pits.
 16171 | Lair:6   | Reached skill level 13 in Unarmed Combat
 16197 | Lair:6   | Noticed an acid blob
 16202 | Lair:6   | Killed an acid blob
 16353 | Lair:6   | Received a gift from Okawaru
 16441 | Lair:6   | Reached skill level 14 in Unarmed Combat
 16685 | Lair:6   | Found a runed door.
 16724 | Lair:6   | Received a gift from Okawaru
 17553 | D:13     | Reached skill level 15 in Unarmed Combat
 17747 | D:13     | Learned a level 2 spell: Swiftness
 17857 | D:13     | Reached XP level 15. HP: 114/152 MP: 21/21
 17876 | D:13     | HP: 3/152 [eight-headed hydra (14)]
 18016 | D:13     | Found a gate to the Vaults.
 18141 | Orc:1    | Entered Level 1 of the Orcish Mines
 18596 | Orc:2    | Entered Level 2 of the Orcish Mines
 18619 | Orc:2    | Noticed an orc warlord
 18633 | Orc:2    | Killed an orc warlord
 18633 | Orc:2    | Slain by an orc warrior

Skill      XL: |  1  2  3  4  5  6  7  8  9 10 11 12 13 14 |
---------------+-------------------------------------------+-----
Unarmed Combat | 1 2 3 4 5 6 8 10 11 15 | 15.7
Fighting       | 2 3 4 5 6 8 10 | 10.7
Invocations    | 1 2 3 5 6 7 8 10 | 10.1
Armour         | 3 5 6 |  6.0
Dodging        | 3 4 6 |  6.0
Shields        | 3 6 9 |  9.0
Throwing       | |  3.6
Stealth        | |  0.3

Action                   |  1- 3 |  4- 6 |  7- 9 | 10-12 | 13-15 || total
-------------------------+-------+-------+-------+-------+-------++-------
Melee: Short sword       |    14 |       |       |       |       ||    14
       Unarmed           |    97 |   145 |   233 |   906 |   885 ||  2266
       Punch             |       |     2 |    10 |       |       ||    12
       Quick blade       |       |       |       |    16 |    50 ||    66
Throw: Large rock        |       |     1 |     4 |    14 |     5 ||    24
Invok: Heroism           |       |       |     1 |     6 |    15 ||    22
       Finesse           |       |       |       |       |     1 ||     1
  Use: Scroll            |       |     9 |     2 |     9 |    10 ||    30
       Potion            |       |       |       |     4 |     3 ||     7
 Stab: Sleeping          |     2 |       |     1 |     1 |       ||     4
       Distracted        |       |       |       |     1 |       ||     1
       Petrified         |       |       |       |       |     1 ||     1
  Eat: Chunk             |    16 |    18 |    22 |    79 |    53 ||   188
Armor: Robe              |    49 |    54 |    43 |    60 |       ||   206
       Troll leather arm |       |       |       |    85 |   142 ||   227
Dodge: Dodged            |    57 |    62 |   117 |   435 |   455 ||  1126
       Deflected         |       |       |       |     6 |     2 ||     8
Block: Shield            |       |       |     3 |   450 |   561 ||  1014
       Reflection        |       |       |       |       |     8 ||     8
